Description

Maru vs Reynor

Replay - Maru v Reynor: Game 2 - Deathaura LE

Build Order

Get SALT Encoding   

  12  0:00  SCV  
  13  0:12  SCV  
  14  0:16  Supply Depot  
  14  0:24  SCV  
  15  0:38  SCV  
  15  0:40  Barracks  
  16  0:45  Refinery  
  16  0:50  SCV  
  17  1:02  SCV  
  18  1:14  SCV  
  19  1:27  Orbital Command, Reaper  
  20  1:40  Command Center  
  20  1:49  Supply Depot  
  20  1:53  SCV  
  21  1:59  Marine  
  22  2:05  SCV  
  22  2:06  Factory  
  23  2:17  SCV  
  23  2:22  Barracks Reactor  
  25  2:44  Command Center  
  26  2:51  Orbital Command  
  27  2:59  Starport  
  27  3:10  Refinery  
  28  3:13  Hellion x2  
  34  3:28  Barracks Tech Lab  
  36  3:35  Viking  
  36  3:39  Hellion x2  
  42  3:47  Supply Depot  
  46  3:57  Orbital Command  
  46  4:02  Hellion x2  
  50  4:08  Liberator  
  55  4:21  Marine  
  55  4:22  Supply Depot  
  59  4:26  Hellion x2  
  59  4:29  Refinery  
  63  4:38  Stimpack  
  66  4:39  Marine  
  68  4:45  Supply Depot  
  68  4:52  Orbital Command, Barracks x2  
  68  4:55  Factory Reactor, Starport Reactor  
  68  4:57  Marine  
  71  5:02  Refinery  
  71  5:04  Engineering Bay x2  
  73  5:14  Marine  
  73  5:20  Barracks x2  
  77  5:32  Marine  
  76  5:37  Terran Infantry Armor Level 1, Terran Infantry Weapons Level 1  
  76  5:38  Factory Reactor  
  76  5:46  Marine x2, Medivac x2  
  84  5:53  Marine  
  86  6:00  Marine  
  90  6:09  Barracks Reactor x2  
  92  6:17  Medivac x2  
  92  6:18  Missile Turret, Combat Shield  
  101  6:31  Refinery x2  
  101  6:35  Armory, Widow Mine x2  
  117  6:56  Command Center  
  117  7:06  Widow Mine x2, Medivac x2  
  128  7:15  Factory  
  139  7:37  Widow Mine x2  
  139  7:38  Medivac x2  
  139  7:39  Terran Infantry Weapons Level 2, Terran Infantry Armor Level 2  
  140  7:48  Marauder  
  152  7:58  Widow Mine x2  
  152  8:01  Factory Tech Lab  
  152  8:03  Barracks x3  
  153  8:08  Medivac  
  155  8:18  Marauder  
  160  8:20  Terran Vehicle Weapons Level 1  
  160  8:21  Widow Mine, Drilling Claws  
  158  8:34  Widow Mine  
  158  8:37  Planetary Fortress  
  158  8:38  Medivac  
  167  8:42  Thor  
  167  8:47  Missile Turret x4  
  163  8:53  Missile Turret x2  
  166  9:09  Barracks Tech Lab x3  
  166  9:14  Missile Turret x3  
  166  9:16  Marauder  
  170  9:37  Concussive Shells  
  163  9:50  Thor  
  163  9:52  Marauder  
  180  9:58  Terran Infantry Armor Level 3, Terran Infantry Weapons Level 3  
Spawning Tool Build Advisor. Get it on Overwolf

Go to:

Details

  • Created by: CrackedRiceBowl
  • Published on: Mar 24, 2021
  • Modified on: Mar 24, 2021
  • Patch: 4.11.0
  • Difficulty: Hard
Show
View Real Time Build Order
Export as new Build Order

Comments (0)

There are no comments. Be the first!

Create an account to comment!